AoeStats
← Jogadinha do Paqueta

Arena

512528362Analyzed
4v4 RM · 6d ago on Oct 10, 2026· 16m 11s· 8 players
Game mode
Random Map
Map size
Large (8 player)
Population
200
Speed
Normal
Resources
Standard
Victory
Conquest
Starting age
Dark Age
Ending age
Imperial Age
RankedLock teamsTeams togetherTeam positionsShared explorationLock speedFull tech treeHidden civsTurbo modeCheats
Victory
Defeat
🇲🇽 Hindustanis · Mexico
1722
+8
🇲🇽 Teutons · Mexico
1622
+11
🇨🇴 Bohemians · Colombia
1497
+16
🇲🇽 Burgundians · Mexico
1417
+18
vs
🇦🇷 Britons · Argentina
1542
-15
🇨🇱 Spanish · Chile
1517
-14
🇺🇸 Vietnamese · United States
1481
-12
🇦🇷 Cumans · Argentina
1470
-12
Jogadinha do Paqueta
8:57 Feudal Age
9:11 Loom
9:16 Man-at-Arms
Diegazo
8:40 Loom
10:26 Feudal Age
14:45 Castle Age
14:24 Horse Collar
14:32 Double-Bit Axe
jAvi
8:50 Feudal Age
9:25 Double-Bit Axe
10:36 Horse Collar
14:42 Wheelbarrow
Alt+F4 | Haise
10:37 Feudal Age
11:59 Horse Collar
14:31 Castle Age
12:33 Double-Bit Axe
15:08 Wheelbarrow
14:28 Loom
15:20 Wheelbarrow
VL albafica
10:57 Feudal Age
14:34 Castle Age
12:45 Double-Bit Axe
VL Santo Enmascarado
5:39 Loom
8:35 Feudal Age
10:34 Fletching
13:18 Horse Collar
VL DLM15
1:09 Loom
3:47 Double-Bit Axe
11:02 Feudal Age
15:11 Castle Age
13:24 Bow Saw
14:07 Bow Saw
15:15 Light Cavalry
16:18 Horse Collar
VL Formolin
11:32 Feudal Age
15:07 Castle Age
13:27 Double-Bit Axe
13:38 Horse Collar
16:03 Bow Saw
Connection lost

Rejoining the realm…

Still unreachable

The connection could not be restored.

Session expired

The server has moved on; the page needs a fresh start.